 Dungeon Crawl Stone Soup version 0.30-a0-556-g0a0f5a245f (webtiles) character file.

Game seed: 14241073067597327080

15 Bnni the Vexing (level 2, 0/21 HPs)
             Began as a Formicid Hexslinger on Dec 27, 2022.
             Slain by a kobold
             ... wielding a +2 short sword of flaming
              (2 damage)
             ... on level 1 of the Dungeon.
             The game lasted 00:00:56 (341 turns).

Bnni the Vexing (Formicid Hexslinger)                Turns: 341, Time: 00:00:57

Health: 0/21       AC:  2    Str: 14    XL:     2   Next: 65%
Magic:  2/3        EV: 12    Int: 12    God:
Gold:   4          SH:  0    Dex: 14    Spells: 2/3 levels left

rFire   . . .      SeeInvis +    a - +1 sling
rCold   . . .      Faith    .    (no shield)
rNeg    . . .      Spirit   .    c - +0 robe
rPois   .          Reflect  .    (helmet unavailable)
rElec   .          Harm     .    (no cloak)
rCorr   .          Rampage  .    (no gloves)
Will    .....                    (no boots)
Stlth   +                        (no amulet)
HPRegen 0.23/turn                (no ring)
MPRegen 0.08/turn                (no ring)

@: no status effects
A: permanent stasis, dig shafts and tunnels, antennae 3, four strong arms
a: Dig, Shaft Self


You were on level 1 of the Dungeon.
You visited 1 branch of the dungeon, and saw 1 of its levels.

You collected 4 gold pieces.

Inventory:

Hand Weapons
 a - a +1 sling (weapon)
Armour
 c - a +0 robe (worn)
Scrolls
 b - a scroll of poison
 d - 2 scrolls of teleportation {unknown}
 e - a scroll of magic mapping {unknown}


   Skills:
 + Level 1.4 Fighting
 * Level 2.3 Ranged Weapons
 - Level 1.7 Dodging
 + Level 1.3 Spellcasting
 * Level 3.9 Hexes
 + Level 0.4 Fire Magic


You had 2 spell levels left.
You knew the following spells:

 Your Spells              Type           Power      Damage    Failure   Level
a - Slow                  Hex            40%        N/A       6%          1

Your spell library contained the following spells:

 Spells                   Type           Power      Damage    Failure   Level
 Inner Flame              Hex/Fire       6%         N/A       34%         3
 Portal Projectile        Hex/Tloc       10%        N/A       36%         3
 Cause Fear               Hex            5%         N/A       52%         4


Dungeon Overview and Level Annotations

Branches:
Dungeon (1/15)

Altars:


Innate Abilities, Weirdness & Mutations

You cannot be hasted, slowed, berserked, paralysed or teleported.
You can dig through walls and to a lower floor.
You have a pair of large antennae on your head. (SInv)
Your four strong arms can wield two-handed weapons with a shield.


Message History

You shoot a sling bullet. The sling bullet hits the dart slug.
The dart slug is moderately wounded.
You shoot a sling bullet. The sling bullet hits the dart slug.
The dart slug is severely wounded.
You hear a shout!
The dart slug launches a dart at you. The slug dart hits you.
You shoot a sling bullet. The sling bullet hits the dart slug!
You kill the dart slug!
No target in view!
No target in view!
No target in view!
A kobold comes into view.
It is wielding a +2 short sword of flaming.
You shoot a sling bullet.
The sling bullet closely misses the kobold.
You shoot a sling bullet.
The sling bullet barely misses the kobold.
The kobold hits you with a +2 short sword of flaming.
The kobold burns you.
The kobold hits you with a +2 short sword of flaming.
* * * LOW HITPOINT WARNING * * *
The kobold burns you.
* * * LOW HITPOINT WARNING * * *
You are too injured to fight recklessly!
Casting: Slow (safe; 6% risk of failure)
Confirm with . or Enter, or press ? or * to list all spells.
Aiming: Slow (safe; 6% risk of failure)
Press: ? - help, Shift-Dir - straight line, f/p - kobold
Aim: a kobold, wielding a +2 short sword of flaming (chance to affect: 62%)
The kobold seems to slow down.
You are too injured to fight recklessly!
Fire: a) +1 sling
Press: ? - help, Shift-Dir - straight line, f/p - kobold
Aim: a kobold, wielding a +2 short sword of flaming (slow, 50% to hit)
You shoot a sling bullet. The sling bullet hits the kobold.
The kobold is moderately wounded.
The kobold hits you with a +2 short sword of flaming.
* * * LOW HITPOINT WARNING * * *
The kobold burns you.
You die...

.............#
#####...####.# ####..#.#
#.# #.......# #.#
#.....######.#
#.....#......# #
#.....###.####
#####.#.....# #.#
†.....K@##'## #.#
#####.####.####.#
#...........#
####..####### #.##
######### ####.#
#.......###....# #
#.......##..#### #
#.......##.###############


You could see a kobold (slow).

Vanquished Creatures
  A dart slug (D:1)
  2 ball pythons (D:1)
  4 endoplasms (D:1)
  A giant cockroach (D:1)
  A bat (D:1)
  2 frilled lizards (D:1)
  A kobold (D:1)
12 creatures vanquished.

Notes
Turn   | Place    | Note
-------+----------+-------------------------------------------
     0 | D:1      | Bnni the Formicid Hexslinger began the quest for the Orb.
     0 | D:1      | Reached XP level 1. HP: 15/15 MP: 2/2
   149 | D:1      | Reached XP level 2. HP: 19/21 MP: 3/3
   341 | D:1      | Slain by a kobold

Illustrated notes

Levels and vault maps discovered:
D:1:      kilobyte_arrival_exit_the_forest, layout_basic,
          nicolae_figureground_pulse

Action                   || total
-------------------------++-------
 Fire: Sling             ||    32
 Cast: Slow              ||     1
Armor: Robe              ||     2
Dodge: Dodged            ||     3

Table legend: (Time is in decaauts)
 A = Elapsed time spent in this place.
 B = Non-inter-level travel time spent in this place.
 C = Inter-level travel time spent in this place.
 D = Time resting spent in this place.
 E = Time spent auto-exploring this place.
 F = Levels seen in this place.
 G = Mean time per level.
                   A        B        C        D        E       F      G
               +--------+--------+--------+--------+--------+-----+--------+
         Total |    351 |    351 |      0 |      0 |    287 |   1 |  351.0 |
       Dungeon |    351 |    351 |      0 |      0 |    287 |   1 |  351.0 |
               +--------+--------+--------+--------+--------+-----+--------+

Top non-repeatable levels by time:
     D:1: 351 daAuts
